AoeStats
← perpetualsigh

Oasis

509390686Analyzed
2v2 RM · 5d ago on Sep 26, 2026· 38m 27s· 4 players
Game mode
Random Map
Map size
Medium (4 player)
Population
200
Speed
Normal
Resources
Standard
Victory
Conquest
Starting age
Dark Age
Ending age
Imperial Age
RankedLock teamsTeams togetherTeam positionsShared explorationLock speedFull tech treeHidden civsTurbo modeCheats
Victory
Defeat
🇫🇷 Romans · France
828
+18
🇺🇸 Danes · United States
795
+18
🇬🇧 Saxons · United Kingdom
860
-42
🇬🇧 Inca · United Kingdom
860
-42
CHRISTO LE ROI8
11:59 Feudal Age
13:04 Double-Bit Axe
15:27 Horse Collar
16:25 Wheelbarrow
19:39 Castle Age
17:46 Stone Mining
18:28 Bloodlines
20:08 Forging
21:52 Gold Mining
22:06 Heavy Plow
24:14 Bow Saw
27:49 Hand Cart
32:38 Imperial Age
30:59 Husbandry
31:43 Iron Casting
32:55 Cavalier
34:13 Heavy Scorpion
35:52 Light Cavalry
38:47 Caravan
40:01 Chemistry
XMav
4:50 Loom
10:07 Feudal Age
12:34 Double-Bit Axe
12:40 Horse Collar
19:14 Castle Age
18:35 Gold Mining
19:44 Fletching
21:02 Gold Shaft Mining
21:35 Arson
21:51 Squires
21:38 Crossbowman
25:01 Scale Mail Armor
25:12 Forging
26:29 Chain Mail Armor
27:43 Gambesons
31:01 Stone Mining
32:27 Stone Shaft Mining
33:58 Iron Casting
John Hurtin
6:32 Loom
9:50 Feudal Age
11:08 Wheelbarrow
11:59 Champi Runner
12:32 Horse Collar
13:10 Double-Bit Axe
17:51 Forging
19:14 Scale Mail Armor
22:29 Arson
25:30 Fletching
25:41 Padded Archer Armor
28:39 Castle Age
26:56 Gold Mining
26:59 Stone Mining
31:03 Champi Warrior
31:44 Squires
perpetualsigh
7:14 Loom
9:35 Feudal Age
10:05 Double-Bit Axe
14:37 Horse Collar
14:52 Fletching
18:26 Wheelbarrow
21:49 Castle Age
21:22 Stone Mining
21:22 Gold Mining
22:00 Crossbowman
23:36 Bow Saw
23:38 Heavy Plow
25:29 Ballistics
25:28 Bodkin Arrow
25:33 Padded Archer Armor
34:16 Imperial Age
32:18 Murder Holes
35:05 Arbalester
Connection lost

Rejoining the realm…

Still unreachable

The connection could not be restored.

Session expired

The server has moved on; the page needs a fresh start.